 Dungeon Crawl Stone Soup version 0.19-a0-1341-g3513869 (webtiles) character file.

940 dvd the Archer (level 7, -3/57 HPs)
             Began as a Centaur Hunter on Sept 1, 2016.
             Slain by a phantom (7 damage)
             ... on level 4 of the Dungeon.
             The game lasted 00:13:09 (3582 turns).

dvd the Archer (Centaur Hunter)                     Turns: 3582, Time: 00:13:09

Health: -3/57      AC:  6    Str: 15    XL:     7   Next: 88%
Magic:  7/7        EV: 10    Int: 10    God:
Gold:   139        SH:  0    Dex: 11    Spells: 0 memorised, 6 levels left

rFire  . . .     SeeInvis .     b - +3 quarterstaff (chaos)
rCold  . . .     Gourm    .     w - +0 robe
rNeg   + . .     Faith    .     (shield currently unavailable)
rPois  .         Spirit   .     A - +0 helmet
rElec  .         Dismiss  .     x - +0 cloak
rCorr  .         Reflect  .     (no gloves)
MR     .....     Harm     .     (no barding)
Stlth  +.........               l - amulet of magic regeneration
                                q - ring of flight
                                o - ring of positive energy

@: very quick
A: hooves 3, deformed body, speed 2, tough skin 3
a: Evoke Flight


You were on level 4 of the Dungeon.
You were not hungry.

You visited 1 branch of the dungeon, and saw 4 of its levels.

You collected 139 gold pieces.

Inventory:

Hand Weapons
 a - a +1 shortbow
 b - a +3 quarterstaff of chaos (weapon)
 j - a +2 short sword of electrocution
 p - a +0 short sword
 u - a +0 dagger of draining
 y - a +2 short sword of speed
Missiles
 B - 43 stones (quivered)
Armour
 w - a +0 robe (worn)
 x - a +0 cloak (worn)
 A - a +0 helmet (worn)
Jewellery
 l - an amulet of magic regeneration (around neck)
 o - a ring of positive energy (left hand)
 q - a ring of flight (right hand)
Scrolls
 c - 2 scrolls of enchant armour {unknown}
 e - a scroll of magic mapping {unknown}
 h - 5 scrolls of remove curse
 k - a scroll of enchant weapon {unknown}
 m - 5 scrolls of identify {unknown}
 t - a scroll of fear {unknown}
Potions
 g - a potion of agility {unknown}
 n - a potion of lignification
 r - 2 potions of flight {unknown}
 s - a potion of ambrosia {unknown}
Comestibles
 d - a chunk of flesh
 f - 2 bread rations
 i - 2 fruits
 C - a royal jelly
 D - a beef jerky


   Skills:
 + Level 3.4 Fighting
 + Level 0.8 Short Blades
 + Level 1.4 Staves
 + Level 10.0 Bows
 + Level 1.9 Throwing
 + Level 0.8 Armour
 + Level 3.1 Dodging
 + Level 1.4 Stealth


You had 6 spell levels left.
You didn't know any spells.

Dungeon Overview and Level Annotations

Branches:
Dungeon (4/15)
 Temple: D:4-7

Altars:
Elyvilon
Fedhas
Sif Muna
Yredelemnul


Innate Abilities, Weirdness & Mutations

You have hooves in place of feet.
Armour fits poorly on your strangely shaped body.
You cover ground very quickly.
You have extremely tough skin. (AC +3)


Message History

You hit the phantom but do no damage.
There is a strange surge of energy around the phantom.
Your kick misses the phantom.
The phantom is severely damaged.
The phantom barely misses you.
The phantom blinks!
The orc hits you but does no damage.
You closely miss the orc. The orc hits you but does no damage.
You hit the orc.
The orc is almost dead.
The orc hits you with a dagger.
* * * LOW HITPOINT WARNING * * *
You hit the orc.
You kill the orc!
The phantom hits you but does no damage.
You completely miss the phantom. You kick the phantom, but do no damage.
The phantom is severely damaged.
The phantom hits you.
* * * LOW HITPOINT WARNING * * *
The phantom hits you!
You die...

##..<....## ##..#
#.........####...##
+.........'.......#
#.........####.....#
##.......## #.###.#
##.....## #.# .#
##...## #.# .# ##'##
#.. #@# ###
#######W###
#(((...(..#
#.####....# ......#
#...(..# #.....(..
#...##.### (.... .#


You could see a phantom.

Vanquished Creatures
  Pikel (D:3)
  Grinder (D:3)
  A scorpion (D:4)
  Crazy Yiuf (D:2)
  Jessica (D:2)
  Ijyb (D:3)
  Robin (D:3)
  7 adders
  An ooze (D:3)
  A worm (D:3)
  3 dart slugs
  8 orcs
  A giant cockroach (D:2)
  17 goblins
  10 hobgoblins
  3 jackals (D:2)
  2 quokkas (D:2)
  6 bats
  2 giant newts
  A jackal skeleton (D:2)
  4 kobolds
  10 rats
  A fungus (D:2)
84 creatures vanquished.

Vanquished Creatures (others)
  2 orcs (D:4)
  A kobold zombie (D:2)
3 creatures vanquished.

Grand Total: 87 creatures vanquished

Notes
Turn   | Place    | Note
-------+----------+-------------------------------------------
     0 | D:1      | dvd the Centaur Hunter began the quest for the Orb.
     0 | D:1      | Reached XP level 1. HP: 17/17 MP: 1/1
   104 | D:1      | Reached XP level 2. HP: 20/24 MP: 2/2
   371 | D:1      | Reached skill level 6 in Bows
   645 | D:2      | Found a basalt altar of Yredelemnul.
   934 | D:2      | Reached XP level 3. HP: 4/29 MP: 3/3
  1278 | D:2      | Noticed Jessica
  1312 | D:2      | Killed Jessica
  1410 | D:2      | Reached XP level 4. HP: 27/36 MP: 4/4
  1584 | D:2      | Reached skill level 7 in Bows
  1631 | D:2      | Found a runed door.
  1631 | D:2      | Noticed a human
  1635 | D:2      | Found a basalt altar of Yredelemnul.
  1698 | D:2      | Found a white marble altar of Elyvilon.
  1921 | D:2      | Found a runed door.
  1925 | D:2      | Noticed Crazy Yiuf
  1940 | D:2      | Killed Crazy Yiuf
  2183 | D:3      | Reached skill level 1 in Stealth
  2185 | D:3      | Noticed Robin
  2209 | D:3      | HP: 1/37 [Robin/goblin (2)]
  2216 | D:3      | Killed Robin
  2220 | D:3      | Reached XP level 5. HP: 4/42 MP: 5/5
  2220 | D:3      | HP: 2/42 [adder (1)]
  2578 | D:3      | Found a blossoming altar of Fedhas.
  2585 | D:3      | Noticed Grinder
  2602 | D:3      | Killed Grinder
  2602 | D:3      | Reached skill level 8 in Bows
  2602 | D:3      | Reached XP level 6. HP: 36/50 MP: 6/6
  2873 | D:3      | Found a deep blue altar of Sif Muna.
  2946 | D:3      | Noticed Ijyb
  2950 | D:3      | Killed Ijyb
  2998 | D:4      | Noticed a slave
  2999 | D:4      | Noticed Pikel
  2999 | D:4      | Noticed a slave
  3001 | D:4      | Noticed a slave
  3008 | D:4      | Noticed a slave
  3041 | D:3      | Killed Pikel
  3041 | D:3      | Reached skill level 1 in Staves
  3041 | D:3      | Reached skill level 9 in Bows
  3041 | D:3      | Reached skill level 1 in Throwing
  3041 | D:3      | Reached XP level 7. HP: 10/57 MP: 7/7
  3429 | D:4      | Reached skill level 10 in Bows
  3582 | D:4      | Slain by a phantom

Vault maps used:
D:1:      enne_arrival_octagon_isle
D:2:      kennysheep_ying_yang, st_stairs_5, nrook_mini_vaults,
          dk_yredelemnul_ordeal, uniq_jessica, uniq_crazy_yiuf_cottage
D:3:      minitemple, minmay_surrounded, uniq_grinder, uniq_iyjb, uniq_robin
D:4:      uniq_pikel

Skill      XL: |  1  2  3  4  5  6  7 |
---------------+----------------------+-----
Bows           | 6 7 8 9 10 | 10.0
Stealth        | 1 |  1.4
Dodging        | 2 3 |  3.1
Fighting       | 3 |  3.4
Staves         | 1 |  1.4
Throwing       | 1 |  1.9
Short Blades   | |  0.8
Armour         | |  0.8

Action                   |  1- 3 |  4- 6 |  7- 9 || total
-------------------------+-------+-------+-------++-------
Melee: Short sword       |    14 |    20 |     1 ||    35
       Kick              |     4 |    19 |     5 ||    28
       Dagger            |    17 |    24 |       ||    41
       Quarterstaff      |       |    85 |    25 ||   110
 Fire: Shortbow          |    71 |    66 |    10 ||   147
Throw: Tomahawk          |       |     9 |     4 ||    13
       Javelin           |       |       |     4 ||     4
  Use: Scroll            |     2 |       |       ||     2
       Potion            |       |     4 |       ||     4
  Eat: Chunk             |     1 |     4 |     2 ||     7
Armor: Leather armour    |    15 |     3 |       ||    18
       Robe              |       |    23 |     8 ||    31
       Skin              |       |    34 |       ||    34
Dodge: Dodged            |    22 |    46 |    15 ||    83
